 Seeded DCSS version 0.29.0-13-gc9e81de378 (webtiles) character file.

Game seed: 9997410970728886651 (custom seed)

72 nickcage the Poker (level 4, -3/33 HPs)
             Began as a Merfolk Gladiator on Sept 7, 2022.
             Killed by divine providence
             ... invoked by an orc priest
              (10 damage)
             ... on level 3 of the Dungeon on Sept 8, 2022.
             The game lasted 00:04:17 (1816 turns).

nickcage the Poker (Merfolk Gladiator)              Turns: 1816, Time: 00:04:18

Health: -3/33      AC:  9    Str: 22    XL:     4   Next: 25%
Magic:  4/4        EV:  9    Int:  7    God:
Gold:   70         SH:  0    Dex: 15    Spells: 3/3 levels left

rFire   + + .      SeeInvis .   x - +9 glaive of Aclucef {vorpal, rPois rF+}
rCold   . . .      Faith    .   (shield currently unavailable)
rNeg    . . .      Spirit   .   p - +0 chain mail
rPois   +          Reflect  .   c - +0 helmet
rElec   .          Harm     .   (no cloak)
rCorr   .          Rampage  .   (no gloves)
Will    .....                   (no boots)
Stlth   ..........              (no amulet)
HPRegen 0.11/turn               o - +6 ring of strength
MPRegen 0.09/turn               r - ring of protection from fire

@: no status effects
A: (nimble swimmer 2), mertail
a: no special abilities


You were on level 3 of the Dungeon.
You visited 1 branch of the dungeon, and saw 3 of its levels.

You collected 70 gold pieces.

Inventory:

Hand Weapons
 a - a +0 trident
 x - the +9 glaive of Aclucef (weapon) {vorpal, rPois rF+}
   (You found it on level 2 of the Dungeon)

   It inflicts extra damage upon your enemies.
   rF:        It protects you from fire.
   rPois:     It protects you from poison.
Missiles
 d - 3 throwing nets (quivered)
 e - a javelin
Armour
 b - a +0 leather armour
 c - a +0 helmet (worn)
 i - a +0 ring mail
 p - a +0 chain mail (worn)
Jewellery
 f - a +6 ring of intelligence
 g - a ring of fire
 o - a +6 ring of strength (left hand)
 r - a ring of protection from fire (right hand)
Wands
 u - a wand of flame (30)
Scrolls
 h - a scroll of immolation {unknown}
 l - 2 scrolls of magic mapping {unknown}
 n - a scroll of identify {unknown}
 q - a scroll of amnesia {unknown}
 s - a scroll of teleportation {unknown}
 w - a scroll of poison {unknown}
 y - a scroll of noise {unknown}
Potions
 j - 2 potions of heal wounds {unknown}
 k - 2 potions of lignification {unknown}
 m - a potion of magic {unknown}
 t - a potion of berserk rage {unknown}
 v - 2 potions of invisibility {unknown}
 z - a potion of brilliance {unknown}


   Skills:
 - Level 2.1 Fighting
 + Level 6.6 Polearms
 - Level 2.0 Throwing
 - Level 4.0 Dodging


You had 3 spell levels left.
You didn't know any spells.
Your spell library was empty.

Dungeon Overview and Level Annotations

Branches:
Dungeon (3/15)

Altars:
Fedhas


Innate Abilities, Weirdness & Mutations

((You are very nimble when in or above water. (Stealth+, EV+, Speed+++)))
Your lower body shifts to a powerful aquatic tail in water.


Message History

The endoplasm quivers.
A rat comes into view.
You reach to attack!
You slash the endoplasm!
You kill the endoplasm!
You slice the rat!!
You kill the rat!
No target in view!
No target in view!
v - 2 golden potions (gained 1)
An orc priest comes into view. It is wielding a +0 morningstar.
The orc priest shouts!
You hear a shout! x2
The orc priest moves out of view.
An orc comes into view. It is wielding a +0 vorpal hand axe.
An orc comes into view. It is wielding a +0 falchion.
An orc comes into view. It is wielding a +0 dagger.
The orc shouts!
The orc priest calls down the wrath of Beogh upon you.
Beogh smites you!
A bat comes into view.
You reach to attack!
You slash the orc!
You kill the orc!
The orc priest mumbles some strange prayers to Beogh against you.
Beogh smites you!
* * * LOW HITPOINT WARNING * * *
The bat closely misses you.
You are too injured to fight recklessly!
You are too injured to fight recklessly!
Reach: x) +9 glaive of Aclucef {vorpal, rPois rF+}
Press: ? - help, Dir - move target, f - bat
Aim: a bat (about 45% to evade the +9 glaive of Aclucef)
You miss the bat. The bat hits you but does no damage. x2
A dart slug comes into view.
Reach: x) +9 glaive of Aclucef {vorpal, rPois rF+}
Press: ? - help, Dir - move target, f/p - bat
Aim: a bat (about 45% to evade the +9 glaive of Aclucef)
You slash the bat!
You kill the bat!
The orc priest mumbles some strange prayers to Beogh against you.
Beogh smites you!
You die...

#.# #.###########
#.#.........# ####
###.#.........####o...#w
................@†o.....
###.#.........####o...#.
#.#.........# ...#
#.#.........# ..#
###..........## .#
.............# ..
##...........# .
#....(......#
##..........#


You could see an orc priest, a dart slug and 2 orcs.

Vanquished Creatures
  An adder (D:2)
  2 dart slugs (D:1)
  A worm (D:2)
  An orc (D:3)
  12 endoplasms
  4 hobgoblins
  2 jackals (D:2)
  A quokka (D:2)
  5 ball pythons
  7 bats
  4 frilled lizards (D:1)
  4 goblins
  2 kobolds
  9 rats
55 creatures vanquished.

Notes
Turn   | Place    | Note
-------+----------+-------------------------------------------
     0 | D:1      | nickcage the Merfolk Gladiator began the quest for the Orb.
     0 | D:1      | Reached XP level 1. HP: 16/16 MP: 1/1
    10 | D:1      | Noticed a snapping turtle
    10 | D:1      | Noticed a six-headed hydra
    10 | D:1      | Noticed a lindwurm
    11 | D:1      | Noticed an anaconda
    11 | D:1      | Noticed a polar bear
   213 | D:1      | Reached XP level 2. HP: 21/22 MP: 2/2
   312 | D:1      | Reached skill level 5 in Polearms
   514 | D:1      | Reached XP level 3. HP: 24/27 MP: 3/3
   653 | D:1      | Found a faded altar of an unknown god.
  1216 | D:2      | Identified the +0 leather armour of Divine Intervention
                  | {rElec rCorr}
  1227 | D:2      | Reached skill level 6 in Polearms
  1371 | D:2      | Found a blossoming altar of Fedhas.
  1411 | D:2      | Reached XP level 4. HP: 33/33 MP: 4/4
  1543 | D:2      | Identified the +9 glaive of Aclucef {vorpal, rPois rF+}
  1816 | D:3      | Killed from afar by an orc priest

Illustrated notes

Levels and vault maps discovered:
D:1:      onia_arrival_zoo_common, layout_basic, basic_ecumenical_altar,
          minmay_bisected
D:2:      layout_rooms, basic_altar
D:3:      layout_basic, nicolae_dithmenos_the_darkroom

Skill      XL: |  1  2  3 |
---------------+----------+-----
Polearms       | 5 6 |  6.6
Fighting       | |  2.1
Throwing       | |  2.0
Dodging        | |  4.0

Action                   |  1- 3 |  4- 6 || total
-------------------------+-------+-------++-------
Melee: Trident           |   103 |    19 ||   122
       Punch             |     1 |       ||     1
       Glaive            |       |     5 ||     5
 Stab: Sleeping          |     1 |       ||     1
Armor: Leather armour    |    14 |       ||    14
       Ring mail         |     6 |       ||     6
       Chain mail        |     8 |     6 ||    14
Dodge: Dodged            |    25 |     8 ||    33
